 Dungeon Crawl Stone Soup version 0.24.0-123-gd5b16e6ec5 (webtiles) character file.

Game seed: 14273578035423671619, levelgen mode: deterministic

340 ReteAZ the Ruffian (level 6, 0/61 HPs)
             Began as a Troll Monk on Dec 30, 2019.
             Slain by Grinder (1 damage)
             ... on level 4 of the Dungeon.
             The game lasted 00:02:33 (1995 turns).

ReteAZ the Ruffian (Troll Monk)                     Turns: 1995, Time: 00:02:34

Health: 0/61       AC:  6    Str: 20    XL:     6   Next: 30%
Magic:  5/5        EV: 10    Int:  6    God:
Gold:   146        SH:  0    Dex: 14    Spells: 5/5 levels left

rFire    . . .     SeeInvis .     - Unarmed
rCold    . . .     Gourm    +   (no shield)
rNeg     . . .     Faith    .   a - +0 robe
rPois    .         Spirit   .   (helmet restricted)
rElec    .         Reflect  .   (no cloak)
rCorr    .         Harm     .   (gloves unavailable)
MR       .....                  (boots unavailable)
Stlth    ++........             (no amulet)
HPRegen  0.60/turn              (no ring)
MPRegen  0.09/turn              (no ring)

@: no status effects
A: large, unfitting armour, claws 3, fast metabolism 3, gourmand, regeneration
1, shaggy fur 1, tough skin 3
a: no special abilities


You were on level 4 of the Dungeon.
You were very full.

You visited 1 branch of the dungeon, and saw 4 of its levels.

You collected 146 gold pieces.

Inventory:

Missiles
 c - 151 stones (quivered)
Armour
 a - a +0 robe (worn)
Jewellery
 d - an uncursed ring of protection from magic {unknown}
 m - an uncursed ring of fire {unknown}
Scrolls
 h - a scroll of magic mapping {unknown}
 i - 3 scrolls of remove curse {unknown}
 j - a scroll of enchant weapon {unknown}
 l - a scroll of identify {unknown}
 p - a scroll of amnesia {unknown}
Potions
 e - 2 potions of heal wounds {unknown}
 f - a potion of haste {unknown}
 g - a potion of agility {unknown}
 k - 2 potions of mutation {unknown}
 n - a potion of invisibility {unknown}
 o - 2 potions of curing {unknown}
Comestibles
 b - 4 rations


   Skills:
 + Level 3.5 Fighting
 + Level 2.3 Armour
 - Level 2.4 Dodging
 - Level 1.0 Stealth
 * Level 5.5 Unarmed Combat


You had 5 spell levels left.
You didn't know any spells.
Your spell library was empty.

Dungeon Overview and Level Annotations

Branches:
Dungeon (4/15)
 Temple: D:4-7

Altars:
Fedhas
Makhleb
Xom

Annotations:
D:4 Grinder


Innate Abilities, Weirdness & Mutations

You are too large for most types of armour.
You have claws for hands.
Your metabolism is lightning-fast.
You like to eat raw meat.
Your natural rate of healing is unusually fast.
You are covered in fur. (AC +1)
You have extremely tough skin. (AC +3)


Message History

Grinder is almost dead.
The iguana bites you! Grinder gestures at you.
You resist with significant effort.
Unknown command.
You barely miss Grinder.
Grinder is almost dead.
The iguana barely misses you. Grinder hits you.
* * * LOW HITPOINT WARNING * * *
You writhe in agony.
* * * LOW HITPOINT WARNING * * *
Unknown command.
You closely miss Grinder.
Grinder is almost dead.
The iguana bites you.
* * * LOW HITPOINT WARNING * * *
Grinder hits you!
* * * LOW HITPOINT WARNING * * *
You writhe in agony.
You die...

..... ..... ..... .##
#.... #....##.. ....# ..
.......## . ....#.. ..
.......##.. ....#.#
....#...........
..###.###.#.#.#.........
......##......#.5l......
#.....##........@.#>....
^................##.....
.............##.........
###..........##.........
.##..........†#....##.#.
##[.....................
#..#........##..#.......
#...............#.......
##......................


You could see Grinder and an iguana.

Vanquished Creatures
  A scorpion (D:2)
  A crimson imp (D:4)
  A centaur skeleton (D:4)
  Natasha (D:2)
  A worker ant (D:4)
  Terence (D:2)
  6 adders
  2 oozes (D:2)
  2 worms (D:2)
  2 leopard geckos
  4 orcs (D:3)
  A ball python (D:1)
  10 giant cockroaches
  8 hobgoblins
  5 jackals
  5 quokkas
  3 bats
  6 frilled lizards
  10 goblins
  A jackal skeleton (D:4)
  6 kobolds
  6 rats
83 creatures vanquished.

Notes
Turn   | Place    | Note
-------+----------+-------------------------------------------
     0 | D:1      | ReteAZ the Troll Monk began the quest for the Orb.
     0 | D:1      | Reached XP level 1. HP: 22/22 MP: 0/0
   114 | D:1      | Reached XP level 2. HP: 25/29 MP: 1/1
   610 | D:1      | Reached XP level 3. HP: 36/36 MP: 2/2
   695 | D:2      | Noticed a scorpion
   698 | D:2      | Killed a scorpion
   698 | D:2      | Reached skill level 1 in Armour
   698 | D:2      | Reached skill level 4 in Unarmed Combat
   698 | D:2      | Reached XP level 4. HP: 25/44 MP: 3/3
  1036 | D:2      | Reached XP level 5. HP: 53/53 MP: 4/4
  1120 | D:2      | Noticed Terence
  1122 | D:2      | Noticed Natasha
  1125 | D:2      | Killed Terence
  1135 | D:2      | Killed Natasha
  1135 | D:2      | Reached skill level 5 in Unarmed Combat
  1253 | D:2      | Found a blossoming altar of Fedhas.
  1618 | D:3      | Found a faded altar of an unknown god.
  1937 | D:4      | Found a burning altar of Makhleb.
  1937 | D:4      | Found a shimmering altar of Xom.
  1944 | D:4      | Reached XP level 6. HP: 61/61 MP: 5/5
  1979 | D:4      | Noticed Grinder
  1990 | D:4      | Paralysed by Grinder for 2 turns
  1995 | D:4      | HP: 1/61 [Grinder (9)]
  1995 | D:4      | Slain by Grinder

Levels and vault maps discovered:
D:1:      minmay_arrival_shattered_statue, layout_basic, hex_large,
          chequers_serial_rivers_micro_b, palyth_stone_intersect,
          nrook_campfire, minmay_worlds_worst_comb
D:2:      layout_loops_ring, kennysheep_crisscross, st_stairs_5,
          fedhas_altar_fruit_tree, uniq_natasha, uniq_terence
D:3:      layout_rooms, chequers_ecumenical_altar_simple_redux
D:4:      layout_cave_pools, grunt_temple_overflow_champion_of_chaos,
          gammafunk_temple_overflow_claw, nicolae_ossuary_entry_plus,
          makhleb_altar_promises_db, uniq_pikel, uniq_sigmund, uniq_grinder,
          uniq_robin

Skill      XL: |  1  2  3  4  5 |
---------------+----------------+-----
Armour         | 1 2 |  2.3
Unarmed Combat | 4 5 |  5.5
Fighting       | 3 |  3.5
Dodging        | |  2.4
Stealth        | |  1.0

Action                   |  1- 3 |  4- 6 || total
-------------------------+-------+-------++-------
Melee: Unarmed           |    60 |   176 ||   236
       Punch             |     2 |     3 ||     5
 Stab: Sleeping          |     1 |     2 ||     3
  Eat: Chunk             |    11 |    12 ||    23
Armor: Robe              |    32 |    50 ||    82
Dodge: Dodged            |    31 |    88 ||   119
